Patriotes vs Punishers
Created - 2 février 2017 at 07:15
Goals
|
Patriotes |
2 |
2 |
0 |
4 |
Punishers |
0 |
2 |
1 |
3 |
|
Shots
|
Patriotes |
21 |
10 |
2 |
33 |
Punishers |
17 |
8 |
15 |
40 |
|
1st period
1. Patriotes , Jordie Benn 3 (Lauri Tukonen, Matt Calvert) at 14:20 (PP)
2. Patriotes , Mathieu Perreault 4 (Lauri Tukonen, Jordie Benn) at 15:43 (PP)
Penalties :
Boone Jenner (Pro) for Roughing (Minor) at 12:29, Luke Adam (Pro) for Charging (Minor) at 14:34
2nd period
3. Punishers , Mike Weber 5 (Luke Adam, Petteri Nokelainen) at 3:16
4. Patriotes , Mathieu Perreault 5 (Matt Calvert, Anthony Bitetto) at 6:05
5. Patriotes , Mathieu Perreault 6 (Matt Calvert, Lauri Tukonen) at 6:40
6. Punishers , Luke Adam 23 (Alex Petrovic, Petteri Nokelainen) at 11:36
Penalties :
Philippe Paradis (Pro) for Hooking (Minor) at 18:10
3rd period
7. Punishers , Petteri Nokelainen 18 (Alex Petrovic, Luke Adam) at 12:50
Penalties :
Ryan Wilson (Nyc) for High sticking (Minor) at 8:18
Goalie Stats
Marek Schwarz (Nyc), 37 saves from 40 shots - (0,925), W, 16-14-2, 60:00 minutes
Niklas Svedberg (Pro), 29 saves from 33 shots - (0,879), L, 9-4-0, 59:01 minutes
Players Stats for Patriotes
Player Name G A P +/- PIM S H SB GA TA FO MP PP MP PK MP
------------------------------------------------------------------------------------
Anthony Bitetto 0 1 1 1 0 1 0 1 0 1 0/0 20:11 1:27 0:51
Austin Watson 0 0 0 0 0 0 2 0 0 0 2/3 14:00 0:00 0:12
Barry Tallackson 0 0 0 -2 0 4 5 0 0 0 1/4 25:51 3:22 1:19
Fedor Fedorov 0 0 0 -1 0 0 2 0 1 0 0/0 21:56 3:29 1:20
Jared Knight 0 0 0 -1 0 0 0 0 0 0 1/3 5:55 0:00 0:00
Jordie Benn 1 1 2 1 0 3 1 0 0 0 0/0 18:48 1:12 0:00
Lauri Tukonen 0 3 3 1 0 5 0 2 0 0 1/1 18:42 1:30 0:17
Mathieu Perreault 3 0 3 1 0 7 1 0 1 0 8/11 18:25 1:30 0:00
Matt Calvert 0 3 3 1 0 1 2 0 1 0 0/0 18:42 1:30 0:17
Melker Karlsson 0 0 0 0 0 1 2 1 1 0 5/9 14:21 0:07 0:09
Mike Funk 0 0 0 -2 0 2 0 1 1 0 0/0 22:26 1:13 0:43
Robbie Russo 0 0 0 0 0 0 0 0 0 0 0/0 8:08 0:00 1:08
Ryan Wilson 0 0 0 0 2 5 1 1 1 0 0/0 27:19 3:32 0:00
Scott Glennie 0 0 0 0 0 0 0 0 0 0 0/0 14:04 0:07 0:00
Stephen Johns 0 0 0 -2 0 0 0 0 0 1 0/0 15:49 0:09 1:16
Timothy Kunes 0 0 0 0 0 1 0 1 0 1 0/0 7:18 2:25 0:00
Zach Budish 0 0 0 -1 0 0 0 0 0 0 0/0 6:28 0:00 0:24
Zenon Konopka 0 0 0 -1 0 3 0 0 1 0 16/26 19:37 3:22 0:00
Players Stats for Punishers
Player Name G A P +/- PIM S H SB GA TA FO MP PP MP PK MP
------------------------------------------------------------------------------------
Adam McQuaid 0 0 0 0 0 1 0 2 0 1 0/0 22:39 0:34 2:05
Alex Petrovic 0 2 2 1 0 1 1 0 0 0 0/0 18:40 1:25 0:00
Boone Jenner 0 0 0 -1 2 1 2 1 0 0 1/4 16:55 0:48 0:54
Casey Cizikas 0 0 0 0 0 2 1 0 0 0 2/6 11:33 0:00 0:03
Dainius Zubrus 0 0 0 -1 0 6 3 1 0 0 0/0 17:14 0:48 1:36
Frazer Mclaren 0 0 0 0 0 1 2 1 0 0 0/0 11:22 0:00 0:00
Luke Adam 1 2 3 3 2 4 1 1 1 1 11/26 19:18 1:11 0:00
Matt Mackenzie 0 0 0 0 0 0 0 0 0 1 0/0 14:12 0:00 1:01
Michael Ferland 0 0 0 -1 0 0 0 0 0 0 0/0 9:52 0:00 1:12
Miikka Salomaki 0 0 0 3 0 3 2 1 0 0 1/4 18:07 1:11 0:00
Mike Sauer 0 0 0 1 0 2 3 1 0 1 0/0 28:27 1:25 3:01
Mike Weber 1 0 1 0 0 1 0 3 1 0 0/0 14:08 0:00 1:53
Petteri Nokelainen 1 2 3 3 0 5 4 1 0 0 5/12 22:38 1:11 3:01
Philippe Paradis 0 0 0 -1 2 1 0 0 0 0 1/3 9:02 0:00 0:00
Radek Smolenak 0 0 0 -1 0 2 0 0 0 0 1/1 8:43 0:00 0:19
Ryan Malone 0 0 0 0 0 2 1 1 1 0 1/1 15:45 0:00 2:53
Simon Despres 0 0 0 0 0 3 1 3 0 2 0/0 20:45 0:34 1:58
Tanner Glass 0 0 0 -1 0 5 1 0 0 1 0/0 15:38 0:48 0:00
3 Stars
1 - Mathieu Perreault (Nyc)
2 - Petteri Nokelainen (Pro)
3 - Luke Adam (Pro)
Power Play
Patriotes - 2 on 3 Attempt(s) - 66,67%
Punishers - 0 on 1 Attempt(s) - 0,00%
Penalty Kill
Patriotes - 1 on 1 Attempt(s) - 100,00%
- Score 0 goal in Penalty Kill
Punishers - 1 on 3 Attempt(s) - 33,33%
- Score 0 goal in Penalty Kill
Team Stat
Patriotes - Hits : 16 - Faceoff Wins : 34 - Blocked Shots : 7 - Penalty Minutes : 2
Punishers - Hits : 22 - Faceoff Wins : 23 - Blocked Shots : 16 - Penalty Minutes : 6
Official
Referees : Pollock Kevin and StLaurent Francois
Linesman : David Brisebois and Michel Cormier
Game Notes
Timothy Kunes is injured at 17:26 of 1st period (Fractured Metatarsal (Left Foot))
Mathieu Perreault has scored a Hat Trick!
Mike Weber is injured at 8:26 of 2nd period (Right Foot)
Finance
Level 1 -- Attendance: 1611 (80,55%) -- Ticket Income 56 385 $
Level 2 -- Attendance: 765 (76,50%) -- Ticket Income 11 475 $
Total Attendance: 2376 (79,20%)
Total Ticket Income: 67 860 $
Other Income: 3 393 $
Total Income: 71 253 $
Patriotes
5 vs 5 Forward
Center Left Wing Right Wing Time % Phy DF OF
1 Zenon Konopka Fedor Fedorov Barry Tallackson 40 1 2 2
2 Mathieu Perreault Matt Calvert Lauri Tukonen 30 1 2 2
3 Melker Karlsson Austin Watson Scott Glennie 20 1 2 2
4 Jared Knight Barry Tallackson Zach Budish 10 1 2 2
5 vs 5 Defense
Defense Defense Time % Phy DF OF
1 Ryan Wilson Timothy Kunes 40 1 2 2
2 Jordie Benn Anthony Bitetto 30 1 2 2
3 Mike Funk Stephen Johns 20 1 2 2
4 Robbie Russo Ryan Wilson 10 1 2 2
PowerPlay Forward
Center Left Wing Right Wing Time % Phy DF OF
1 Zenon Konopka Fedor Fedorov Barry Tallackson 60 1 2 2
2 Mathieu Perreault Matt Calvert Lauri Tukonen 40 1 2 2
PowerPlay Defense
Defense Defense Time % Phy DF OF
1 Ryan Wilson Timothy Kunes 60 1 2 2
2 Jordie Benn Anthony Bitetto 40 1 2 2
Penalty Kill 4 Players Forward
Center Wing Time % Phy DF OF
1 Barry Tallackson Fedor Fedorov 60 1 2 2
2 Matt Calvert Lauri Tukonen 40 1 2 2
Penalty Kill 4 Players Defense
Defense Defense Time % Phy DF OF
1 Ryan Wilson Timothy Kunes 60 1 2 2
2 Jordie Benn Anthony Bitetto 40 1 2 2
Penalty Kill - 3 Players Forward
Forward Time % Phy DF OF
1 Barry Tallackson 60 1 2 2
2 Fedor Fedorov 40 1 2 2
Penalty Kill - 3 Players Defense
Defense Defense Time % Phy DF OF
1 Ryan Wilson Timothy Kunes 60 1 2 2
2 Jordie Benn Anthony Bitetto 40 1 2 2
4 vs 4 Forward
Center Wing Time % Phy DF OF
1 Barry Tallackson Fedor Fedorov 60 1 2 2
2 Matt Calvert Lauri Tukonen 40 1 2 2
4 vs 4 Defense
Defense Defense Time % Phy DF OF
1 Ryan Wilson Timothy Kunes 60 1 2 2
2 Jordie Benn Anthony Bitetto 40 1 2 2
Last Minutes Offensive
Center Left Wing Right Wing Defense Defense
Zenon Konopka Fedor Fedorov Barry Tallackson Ryan Wilson Timothy Kunes
Last Minutes Defensive
Center Left Wing Right Wing Defense Defense
Zenon Konopka Fedor Fedorov Barry Tallackson Ryan Wilson Timothy Kunes
Goaltenders
Starting : Marek Schwarz
Backup : Jason Missiaen
Extra Forwards
Normal : Melker Karlsson, Scott Glennie, Zach Budish - PP : Melker Karlsson, Scott Glennie - PK : Zach Budish
Extra Defensemen
Normal : Mike Funk, Stephen Johns, Robbie Russo - PP : Mike Funk - PK : Stephen Johns, Robbie Russo
Penalty Shots
Barry Tallackson, Fedor Fedorov, Matt Calvert, Lauri Tukonen, Zenon Konopka
Punishers
5 vs 5 Forward
Center Left Wing Right Wing Time % Phy DF OF
1 Luke Adam Petteri Nokelainen Miikka Salomaki 40 1 2 2
2 Boone Jenner Tanner Glass Dainius Zubrus 30 1 2 2
3 Casey Cizikas Frazer Mclaren Ryan Malone 20 1 2 2
4 Philippe Paradis Radek Smolenak Michael Ferland 10 1 2 2
5 vs 5 Defense
Defense Defense Time % Phy DF OF
1 Mike Weber Mike Sauer 40 1 2 2
2 Adam McQuaid Simon Despres 30 1 2 2
3 Alex Petrovic Matt Mackenzie 20 1 2 2
4 Mike Weber Mike Sauer 10 1 2 2
PowerPlay Forward
Center Left Wing Right Wing Time % Phy DF OF
1 Luke Adam Petteri Nokelainen Miikka Salomaki 60 1 2 2
2 Boone Jenner Tanner Glass Dainius Zubrus 40 1 2 2
PowerPlay Defense
Defense Defense Time % Phy DF OF
1 Mike Weber Mike Sauer 60 1 2 2
2 Adam McQuaid Simon Despres 40 1 2 2
Penalty Kill 4 Players Forward
Center Wing Time % Phy DF OF
1 Petteri Nokelainen Ryan Malone 60 1 2 2
2 Boone Jenner Dainius Zubrus 40 1 2 2
Penalty Kill 4 Players Defense
Defense Defense Time % Phy DF OF
1 Mike Weber Mike Sauer 60 1 2 2
2 Adam McQuaid Simon Despres 40 1 2 2
Penalty Kill - 3 Players Forward
Forward Time % Phy DF OF
1 Luke Adam 60 1 2 2
2 Casey Cizikas 40 1 2 2
Penalty Kill - 3 Players Defense
Defense Defense Time % Phy DF OF
1 Mike Weber Mike Sauer 60 1 2 2
2 Adam McQuaid Simon Despres 40 1 2 2
4 vs 4 Forward
Center Wing Time % Phy DF OF
1 Ryan Malone Dainius Zubrus 60 1 2 2
2 Petteri Nokelainen Tanner Glass 40 1 2 2
4 vs 4 Defense
Defense Defense Time % Phy DF OF
1 Mike Weber Mike Sauer 60 1 2 2
2 Adam McQuaid Simon Despres 40 1 2 2
Last Minutes Offensive
Center Left Wing Right Wing Defense Defense
Petteri Nokelainen Ryan Malone Dainius Zubrus Mike Weber Mike Sauer
Last Minutes Defensive
Center Left Wing Right Wing Defense Defense
Petteri Nokelainen Ryan Malone Dainius Zubrus Mike Weber Mike Sauer
Goaltenders
Starting : Niklas Svedberg
Backup : Kevin Poulin
Extra Forwards
Normal : Luke Adam, Philippe Paradis, Michael Ferland - PP : Boone Jenner, Philippe Paradis - PK : Michael Ferland
Extra Defensemen
Normal : Alex Petrovic, Matt Mackenzie, Adam McQuaid - PP : Alex Petrovic - PK : Matt Mackenzie, Adam McQuaid
Penalty Shots
Ryan Malone, Dainius Zubrus, Tanner Glass, Petteri Nokelainen, Frazer Mclaren
% Time on Ice - Patriotes
Lines # - Real PCT - Wanted PCT - Time Play
Normal Forward
1 - 29% - 40% - 15:07
2 - 33% - 30% - 17:04
3 - 27% - 20% - 13:48
4 - 11% - 10% - 5:55
Normal Defense
1 - 42% - 40% - 21:39
2 - 31% - 30% - 16:10
3 - 20% - 20% - 10:15
4 - 7% - 10% - 3:50
PP Forward
1 - 70% - 60% - 3:29
2 - 30% - 40% - 1:30
PP Defense
1 - 76% - 60% - 3:47
2 - 24% - 40% - 1:12
PK Forward
1 - 86% - 60% - 1:42
2 - 14% - 40% - 0:17
PK Defense
1 - 100% - 60% - 1:59
2 - 0% - 40% - 0:00
PK3 Forward
1 - 0% - 60%
2 - 0% - 40%
PK3 Defense
1 - 0% - 60%
2 - 0% - 40%
44 Forward
1 - 0% - 60%
2 - 0% - 40%
44 Defense
1 - 0% - 60%
2 - 0% - 40%
Last Minute Offensive - 0:00
Last Minute Defensive - 1:08
Total
Forward - 60:00
Defense - 60:00
|
% Time on Ice - Punishers
Lines # - Real PCT - Wanted PCT - Time Play
Normal Forward
1 - 33% - 40% - 17:14
2 - 29% - 30% - 14:50
3 - 22% - 20% - 11:22
4 - 16% - 10% - 8:24
Normal Defense
1 - 43% - 40% - 22:02
2 - 30% - 30% - 15:19
3 - 19% - 20% - 9:55
4 - 9% - 10% - 4:34
PP Forward
1 - 60% - 60% - 1:11
2 - 40% - 40% - 0:48
PP Defense
1 - 71% - 60% - 1:25
2 - 29% - 40% - 0:34
PK Forward
1 - 68% - 60% - 3:23
2 - 32% - 40% - 1:36
PK Defense
1 - 70% - 60% - 3:30
2 - 30% - 40% - 1:29
PK3 Forward
1 - 0% - 60%
2 - 0% - 40%
PK3 Defense
1 - 0% - 60%
2 - 0% - 40%
44 Forward
1 - 0% - 60%
2 - 0% - 40%
44 Defense
1 - 0% - 60%
2 - 0% - 40%
Last Minute Offensive - 1:12
Last Minute Defensive - 0:00
Total
Forward - 60:00
Defense - 60:00
|
Play by Play
1st period
0:01 of 1st period - Zenon Konopka wins face-off versus Luke Adam in neutral zone.
0:44 of 1st period - Off-side.
0:45 of 1st period - Casey Cizikas wins face-off versus Melker Karlsson in neutral zone.
0:48 of 1st period - Wrist shot by Casey Cizikas.
0:48 of 1st period - Stopped by Marek Schwarz with a rebound.
1:10 of 1st period - Radek Smolenak is hit by Barry Tallackson and loses puck.
1:31 of 1st period - Wrist shot by Lauri Tukonen.
1:31 of 1st period - Shot Hit the Post.
1:39 of 1st period - Snap shot by Luke Adam.
1:39 of 1st period - Stopped by Marek Schwarz with a rebound.
1:53 of 1st period - Dainius Zubrus is hit by Matt Calvert and loses puck.
2:18 of 1st period - Wrist shot by Mathieu Perreault.
2:18 of 1st period - Stopped by Niklas Svedberg without a rebound.
2:19 of 1st period - Luke Adam wins face-off versus Zenon Konopka in Punishers zone.
3:05 of 1st period - Slapshot by Zenon Konopka.
3:05 of 1st period - Stopped by Niklas Svedberg with a rebound.
3:23 of 1st period - Snap shot by Barry Tallackson.
3:23 of 1st period - Deflect By Zenon Konopka.
3:23 of 1st period - Shot Misses the Net.
3:23 of 1st period - Puck is out of play.
3:24 of 1st period - Austin Watson wins face-off versus Casey Cizikas in Punishers zone.
3:27 of 1st period - Backhand shot by Melker Karlsson.
3:27 of 1st period - Shot Blocked by Simon Despres.
3:29 of 1st period - Slapshot by Timothy Kunes.
3:29 of 1st period - Stopped by Niklas Svedberg with a rebound.
3:31 of 1st period - Wrist shot by Ryan Wilson.
3:31 of 1st period - Stopped by Niklas Svedberg without a rebound.
3:32 of 1st period - Melker Karlsson wins face-off versus Casey Cizikas in Punishers zone.
3:39 of 1st period - Slapshot by Timothy Kunes.
3:39 of 1st period - Shot Blocked by Frazer Mclaren.
3:41 of 1st period - Slapshot by Ryan Wilson.
3:41 of 1st period - Deflect By Adam McQuaid.
3:41 of 1st period - Stopped by Niklas Svedberg with a rebound.
3:45 of 1st period - Snap shot by Ryan Wilson.
3:45 of 1st period - Stopped by Niklas Svedberg without a rebound.
3:46 of 1st period - Mathieu Perreault wins face-off versus Luke Adam in Punishers zone.
4:13 of 1st period - Tanner Glass is hit by Melker Karlsson and loses puck.
4:29 of 1st period - Icing by Melker Karlsson.
4:30 of 1st period - Ryan Malone wins face-off versus Jared Knight in Patriotes zone.
6:31 of 1st period - Snap shot by Tanner Glass.
6:31 of 1st period - Stopped by Marek Schwarz without a rebound.
6:32 of 1st period - Melker Karlsson wins face-off versus Boone Jenner in Patriotes zone.
7:21 of 1st period - Slapshot by Matt Calvert.
7:21 of 1st period - Stopped by Niklas Svedberg with a rebound.
8:18 of 1st period - Mike Weber is hit by Jordie Benn and loses puck.
8:23 of 1st period - Snap shot by Mathieu Perreault.
8:23 of 1st period - Stopped by Niklas Svedberg without a rebound.
8:24 of 1st period - Luke Adam wins face-off versus Zenon Konopka in Punishers zone.
9:12 of 1st period - Casey Cizikas is hit by Melker Karlsson and loses puck.
9:25 of 1st period - Barry Tallackson is hit by Petteri Nokelainen and loses puck.
9:49 of 1st period - Slapshot by Mathieu Perreault.
9:49 of 1st period - Deflect By Mike Sauer.
9:49 of 1st period - Stopped by Niklas Svedberg with a rebound.
9:51 of 1st period - Wrist shot by Lauri Tukonen.
9:51 of 1st period - Deflect By Mike Sauer.
9:51 of 1st period - Stopped by Niklas Svedberg with a rebound.
9:59 of 1st period - Wrist shot by Matt Calvert.
9:59 of 1st period - Shot Misses the Net.
10:01 of 1st period - Wrist shot by Lauri Tukonen.
10:01 of 1st period - Shot Misses the Net.
10:15 of 1st period - Wrist shot by Dainius Zubrus.
10:15 of 1st period - Stopped by Marek Schwarz without a rebound.
10:16 of 1st period - Boone Jenner wins face-off versus Mathieu Perreault in Patriotes zone.
10:19 of 1st period - Wrist shot by Tanner Glass.
10:19 of 1st period - Stopped by Marek Schwarz with a rebound.
10:25 of 1st period - Wrist shot by Mathieu Perreault.
10:25 of 1st period - Shot Blocked by Boone Jenner.
10:41 of 1st period - Petteri Nokelainen is hit by Barry Tallackson and loses puck.
10:48 of 1st period - Snap shot by Zenon Konopka.
10:48 of 1st period - Stopped by Niklas Svedberg without a rebound.
10:49 of 1st period - Luke Adam wins face-off versus Austin Watson in Punishers zone.
11:02 of 1st period - Snap shot by Ryan Wilson.
11:02 of 1st period - Shot Blocked by Miikka Salomaki.
11:04 of 1st period - Snap shot by Melker Karlsson.
11:04 of 1st period - Shot Blocked by Luke Adam.
11:24 of 1st period - Snap shot by Tanner Glass.
11:24 of 1st period - Stopped by Marek Schwarz with a rebound.
11:40 of 1st period - Snap shot by Ryan Malone.
11:40 of 1st period - Stopped by Marek Schwarz with a rebound.
11:42 of 1st period - Slapshot by Casey Cizikas.
11:42 of 1st period - Shot Misses the Net.
11:44 of 1st period - Snap shot by Casey Cizikas.
11:44 of 1st period - Stopped by Marek Schwarz without a rebound.
11:45 of 1st period - Mathieu Perreault wins face-off versus Miikka Salomaki in Patriotes zone.
11:50 of 1st period - Wrist shot by Luke Adam.
11:50 of 1st period - Shot Misses the Net.
11:52 of 1st period - Slapshot by Miikka Salomaki.
11:52 of 1st period - Shot Misses the Net.
11:54 of 1st period - Wrist shot by Petteri Nokelainen.
11:54 of 1st period - Shot Misses the Net.
11:56 of 1st period - Slapshot by Luke Adam.
11:56 of 1st period - Stopped by Marek Schwarz with a rebound.
11:58 of 1st period - Slapshot by Mike Weber.
11:58 of 1st period - Shot Blocked by Lauri Tukonen.
12:00 of 1st period - Snap shot by Mike Sauer.
12:00 of 1st period - Deflect By Jordie Benn.
12:00 of 1st period - Stopped by Marek Schwarz with a rebound.
12:29 of 1st period - Minor Penalty to Boone Jenner for Roughing.
12:30 of 1st period - Petteri Nokelainen wins face-off versus Zenon Konopka in Punishers zone.
12:43 of 1st period - Snap shot by Barry Tallackson.
12:43 of 1st period - Stopped by Niklas Svedberg without a rebound.
12:44 of 1st period - Petteri Nokelainen wins face-off versus Zenon Konopka in Punishers zone.
12:51 of 1st period - Slapshot by Ryan Malone.
12:51 of 1st period - Stopped by Marek Schwarz with a rebound.
13:07 of 1st period - Petteri Nokelainen is hit by Fedor Fedorov and loses puck.
13:36 of 1st period - Wrist shot by Zenon Konopka.
13:36 of 1st period - Shot Blocked by Mike Weber.
13:38 of 1st period - Slapshot by Ryan Wilson.
13:38 of 1st period - Shot Blocked by Dainius Zubrus.
13:40 of 1st period - Wrist shot by Barry Tallackson.
13:40 of 1st period - Shot Misses the Net.
13:42 of 1st period - Slapshot by Timothy Kunes.
13:42 of 1st period - Shot Misses the Net.
14:06 of 1st period - Snap shot by Barry Tallackson.
14:06 of 1st period - Stopped by Niklas Svedberg without a rebound.
14:07 of 1st period - Mathieu Perreault wins face-off versus Petteri Nokelainen in Punishers zone.
14:10 of 1st period - Snap shot by Lauri Tukonen.
14:10 of 1st period - Stopped by Niklas Svedberg without a rebound.
14:11 of 1st period - Lauri Tukonen wins face-off versus Petteri Nokelainen in Punishers zone.
14:12 of 1st period - Snap shot by Mathieu Perreault.
14:12 of 1st period - Stopped by Niklas Svedberg with a rebound.
14:14 of 1st period - Slapshot by Matt Calvert.
14:14 of 1st period - Shot Misses the Net.
14:16 of 1st period - Wrist shot by Lauri Tukonen.
14:16 of 1st period - Shot Blocked by Simon Despres.
14:18 of 1st period - Snap shot by Jordie Benn.
14:18 of 1st period - Stopped by Niklas Svedberg with a rebound.
14:20 of 1st period - Slapshot by Jordie Benn.
14:20 of 1st period - Deflect By Adam McQuaid.
14:20 of 1st period - Goal by Jordie Benn - Patriotes : 1 - Punishers : 0.
14:21 of 1st period - Mathieu Perreault wins face-off versus Miikka Salomaki in neutral zone.
14:32 of 1st period - Wrist shot by Mathieu Perreault.
14:32 of 1st period - Shot Blocked by Petteri Nokelainen.
14:34 of 1st period - Minor Penalty to Luke Adam for Charging.
14:35 of 1st period - Zenon Konopka wins face-off versus Petteri Nokelainen in Punishers zone.
14:38 of 1st period - Snap shot by Ryan Wilson.
14:38 of 1st period - Shot Misses the Net.
15:17 of 1st period - Off-side.
15:18 of 1st period - Zenon Konopka wins face-off versus Petteri Nokelainen in neutral zone.
15:37 of 1st period - Snap shot by Barry Tallackson.
15:37 of 1st period - Shot Misses the Net.
15:39 of 1st period - Slapshot by Jordie Benn.
15:39 of 1st period - Stopped by Niklas Svedberg with a rebound.
15:41 of 1st period - Slapshot by Lauri Tukonen.
15:41 of 1st period - Shot Blocked by Simon Despres.
15:43 of 1st period - Wrist shot by Mathieu Perreault.
15:43 of 1st period - Goal by Mathieu Perreault - Patriotes : 2 - Punishers : 0.
15:44 of 1st period - Luke Adam wins face-off versus Zenon Konopka in neutral zone.
16:42 of 1st period - Wrist shot by Radek Smolenak.
16:42 of 1st period - Stopped by Marek Schwarz with a rebound.
17:12 of 1st period - Icing by Adam McQuaid.
17:13 of 1st period - Miikka Salomaki wins face-off versus Melker Karlsson in Punishers zone.
17:24 of 1st period - Wrist shot by Luke Adam.
17:24 of 1st period - Stopped by Marek Schwarz with a rebound.
17:26 of 1st period - Slapshot by Adam McQuaid.
17:26 of 1st period - Shot Blocked by Timothy Kunes.
17:26 of 1st period - Timothy Kunes from Patriotes is injured at 17:26 of 1st period (Fractured Metatarsal (Left Foot)).
17:27 of 1st period - Zenon Konopka wins face-off versus Luke Adam in Patriotes zone.
17:27 of 1st period - Zenon Konopka is hit by Petteri Nokelainen.
17:35 of 1st period - Slapshot by Ryan Wilson.
17:35 of 1st period - Deflect By Luke Adam.
17:35 of 1st period - Stopped by Niklas Svedberg without a rebound.
17:36 of 1st period - Zenon Konopka wins face-off versus Luke Adam in Punishers zone.
17:45 of 1st period - Wrist shot by Barry Tallackson.
17:45 of 1st period - Stopped by Niklas Svedberg with a rebound.
17:47 of 1st period - Wrist shot by Zenon Konopka.
17:47 of 1st period - Deflect By Barry Tallackson.
17:47 of 1st period - Shot Misses the Net.
17:47 of 1st period - Puck is out of play.
17:48 of 1st period - Zenon Konopka wins face-off versus Luke Adam in Punishers zone.
18:42 of 1st period - Slapshot by Ryan Wilson.
18:42 of 1st period - Shot Blocked by Adam McQuaid.
19:31 of 1st period - Backhand shot by Dainius Zubrus.
19:31 of 1st period - Stopped by Marek Schwarz with a rebound.
19:33 of 1st period - Wrist shot by Dainius Zubrus.
19:33 of 1st period - Stopped by Marek Schwarz with a rebound.
19:35 of 1st period - Wrist shot by Boone Jenner.
19:35 of 1st period - Shot Misses the Net.
19:37 of 1st period - Wrist shot by Tanner Glass.
19:37 of 1st period - Stopped by Marek Schwarz with a rebound.
19:39 of 1st period - Wrist shot by Dainius Zubrus.
19:39 of 1st period - Stopped by Marek Schwarz with a rebound.
Goals for this period are 2 for Patriotes vs 0 for Punishers.
Shots for this period are 21 for Patriotes vs 17 for Punishers.
2nd period
0:01 of 2nd period - Zenon Konopka wins face-off versus Luke Adam in neutral zone.
0:46 of 2nd period - Snap shot by Zenon Konopka.
0:46 of 2nd period - Stopped by Niklas Svedberg with a rebound.
0:48 of 2nd period - Snap shot by Fedor Fedorov.
0:48 of 2nd period - Shot Blocked by Mike Weber.
0:56 of 2nd period - Wrist shot by Zenon Konopka.
0:56 of 2nd period - Shot Blocked by Mike Sauer.
0:58 of 2nd period - Wrist shot by Zenon Konopka.
0:58 of 2nd period - Deflect By Barry Tallackson.
0:58 of 2nd period - Shot Blocked by Ryan Malone.
0:58 of 2nd period - Puck is out of play.
0:59 of 2nd period - Luke Adam wins face-off versus Mathieu Perreault in Punishers zone.
1:50 of 2nd period - Simon Despres is hit by Barry Tallackson and loses puck.
2:40 of 2nd period - Snap shot by Dainius Zubrus.
2:40 of 2nd period - Deflect By Matt Calvert.
2:40 of 2nd period - Stopped by Marek Schwarz with a rebound.
3:00 of 2nd period - Wrist shot by Radek Smolenak.
3:00 of 2nd period - Stopped by Marek Schwarz without a rebound.
3:01 of 2nd period - Zenon Konopka wins face-off versus Petteri Nokelainen in Patriotes zone.
3:16 of 2nd period - Slapshot by Mike Weber.
3:16 of 2nd period - Goal by Mike Weber - Patriotes : 2 - Punishers : 1.
3:17 of 2nd period - Luke Adam wins face-off versus Zenon Konopka in neutral zone.
5:05 of 2nd period - Zenon Konopka is hit by Tanner Glass and loses puck.
5:49 of 2nd period - Off-side.
5:50 of 2nd period - Mathieu Perreault wins face-off versus Philippe Paradis in neutral zone.
6:05 of 2nd period - Wrist shot by Mathieu Perreault.
6:05 of 2nd period - Goal by Mathieu Perreault - Patriotes : 3 - Punishers : 1.
6:06 of 2nd period - Zenon Konopka wins face-off versus Luke Adam in neutral zone.
6:36 of 2nd period - Wrist shot by Lauri Tukonen.
6:36 of 2nd period - Shot Misses the Net.
6:38 of 2nd period - Wrist shot by Mathieu Perreault.
6:38 of 2nd period - Shot Misses the Net.
6:40 of 2nd period - Snap shot by Matt Calvert.
6:40 of 2nd period - Deflect By Mathieu Perreault.
6:40 of 2nd period - Goal by Mathieu Perreault - Patriotes : 4 - Punishers : 1.
6:41 of 2nd period - Zenon Konopka wins face-off versus Luke Adam in neutral zone.
6:44 of 2nd period - Wrist shot by Zenon Konopka.
6:44 of 2nd period - Shot Blocked by Mike Weber.
6:46 of 2nd period - Snap shot by Mike Funk.
6:46 of 2nd period - Stopped by Niklas Svedberg with a rebound.
7:11 of 2nd period - Lauri Tukonen is hit by Boone Jenner and loses puck.
7:37 of 2nd period - Melker Karlsson is hit by Simon Despres and loses puck.
7:47 of 2nd period - Icing by Simon Despres.
7:48 of 2nd period - Jared Knight wins face-off versus Casey Cizikas in Punishers zone.
7:55 of 2nd period - Snap shot by Barry Tallackson.
7:55 of 2nd period - Shot Misses the Net.
7:57 of 2nd period - Slapshot by Ryan Wilson.
7:57 of 2nd period - Stopped by Niklas Svedberg without a rebound.
7:58 of 2nd period - Zenon Konopka wins face-off versus Luke Adam in Punishers zone.
8:25 of 2nd period - Mike Weber is hit by Mathieu Perreault and loses puck.
8:26 of 2nd period - Mike Weber from Punishers is injured at 8:26 of 2nd period (Right Foot).
8:27 of 2nd period - Zenon Konopka wins face-off versus Petteri Nokelainen in Punishers zone.
8:57 of 2nd period - Matt Calvert is hit by Dainius Zubrus and loses puck.
9:06 of 2nd period - Wrist shot by Mike Funk.
9:06 of 2nd period - Stopped by Niklas Svedberg without a rebound.
9:07 of 2nd period - Austin Watson wins face-off versus Boone Jenner in Punishers zone.
9:08 of 2nd period - Wrist shot by Melker Karlsson.
9:08 of 2nd period - Stopped by Niklas Svedberg with a rebound.
9:15 of 2nd period - Off-side.
9:16 of 2nd period - Melker Karlsson wins face-off versus Boone Jenner in neutral zone.
10:14 of 2nd period - Slapshot by Jordie Benn.
10:14 of 2nd period - Shot Misses the Net.
10:24 of 2nd period - Wrist shot by Tanner Glass.
10:24 of 2nd period - Stopped by Marek Schwarz with a rebound.
10:26 of 2nd period - Slapshot by Simon Despres.
10:26 of 2nd period - Stopped by Marek Schwarz with a rebound.
10:28 of 2nd period - Slapshot by Adam McQuaid.
10:28 of 2nd period - Shot Blocked by Anthony Bitetto.
10:30 of 2nd period - Slapshot by Adam McQuaid.
10:30 of 2nd period - Shot Misses the Net.
10:32 of 2nd period - Slapshot by Simon Despres.
10:32 of 2nd period - Shot Blocked by Melker Karlsson.
10:34 of 2nd period - Snap shot by Boone Jenner.
10:34 of 2nd period - Stopped by Marek Schwarz with a rebound.
10:40 of 2nd period - Wrist shot by Tanner Glass.
10:40 of 2nd period - Shot Misses the Net.
10:42 of 2nd period - Slapshot by Adam McQuaid.
10:42 of 2nd period - Stopped by Marek Schwarz without a rebound.
10:43 of 2nd period - Luke Adam wins face-off versus Zenon Konopka in Patriotes zone.
10:44 of 2nd period - Slapshot by Petteri Nokelainen.
10:44 of 2nd period - Shot Misses the Net.
11:34 of 2nd period - Slapshot by Luke Adam.
11:34 of 2nd period - Shot Misses the Net.
11:36 of 2nd period - Slapshot by Alex Petrovic.
11:36 of 2nd period - Deflect By Luke Adam.
11:36 of 2nd period - Goal by Luke Adam - Patriotes : 4 - Punishers : 2.
11:37 of 2nd period - Zenon Konopka wins face-off versus Casey Cizikas in neutral zone.
12:55 of 2nd period - Barry Tallackson is hit by Mike Sauer and loses puck.
13:50 of 2nd period - Snap shot by Barry Tallackson.
13:50 of 2nd period - Stopped by Niklas Svedberg with a rebound.
13:54 of 2nd period - Snap shot by Barry Tallackson.
13:54 of 2nd period - Shot Hit the Post.
15:04 of 2nd period - Petteri Nokelainen is hit by Austin Watson and loses puck.
15:59 of 2nd period - Matt Calvert is hit by Casey Cizikas and loses puck.
16:21 of 2nd period - Austin Watson is hit by Petteri Nokelainen and loses puck.
16:58 of 2nd period - Fedor Fedorov is hit by Miikka Salomaki and loses puck.
17:41 of 2nd period - Snap shot by Lauri Tukonen.
17:41 of 2nd period - Stopped by Niklas Svedberg without a rebound.
17:42 of 2nd period - Mathieu Perreault wins face-off versus Luke Adam in Punishers zone.
17:43 of 2nd period - Snap shot by Lauri Tukonen.
17:43 of 2nd period - Stopped by Niklas Svedberg with a rebound.
18:10 of 2nd period - Minor Penalty to Philippe Paradis for Hooking.
18:11 of 2nd period - Petteri Nokelainen wins face-off versus Zenon Konopka in Punishers zone.
18:11 of 2nd period - Petteri Nokelainen is hit by Barry Tallackson.
18:22 of 2nd period - Mike Sauer is hit by Ryan Wilson and loses puck.
Goals for this period are 2 for Patriotes vs 2 for Punishers.
Shots for this period are 10 for Patriotes vs 8 for Punishers.
3rd period
0:01 of 3rd period - Petteri Nokelainen wins face-off versus Zenon Konopka in neutral zone.
0:10 of 3rd period - Penalty to Philippe Paradis is over, Philippe Paradis is back on ice.
1:11 of 3rd period - Wrist shot by Luke Adam.
1:11 of 3rd period - Shot Misses the Net.
1:13 of 3rd period - Snap shot by Petteri Nokelainen.
1:13 of 3rd period - Stopped by Marek Schwarz with a rebound.
1:15 of 3rd period - Snap shot by Matt Mackenzie.
1:15 of 3rd period - Shot Misses the Net.
1:17 of 3rd period - Slapshot by Alex Petrovic.
1:17 of 3rd period - Shot Misses the Net.
2:08 of 3rd period - Snap shot by Adam McQuaid.
2:08 of 3rd period - Shot Blocked by Mike Funk.
2:26 of 3rd period - Wrist shot by Melker Karlsson.
2:26 of 3rd period - Shot Misses the Net.
2:29 of 3rd period - Icing by Mike Sauer.
2:30 of 3rd period - Melker Karlsson wins face-off versus Philippe Paradis in Punishers zone.
2:31 of 3rd period - Slapshot by Ryan Wilson.
2:31 of 3rd period - Shot Misses the Net.
2:46 of 3rd period - Snap shot by Adam McQuaid.
2:46 of 3rd period - Shot Misses the Net.
3:23 of 3rd period - Off-side.
3:24 of 3rd period - Zenon Konopka wins face-off versus Miikka Salomaki in neutral zone.
4:12 of 3rd period - Stephen Johns is hit by Mike Sauer and loses puck.
4:21 of 3rd period - Jared Knight is hit by Frazer Mclaren and loses puck.
5:18 of 3rd period - Matt Calvert is hit by Ryan Malone and loses puck.
5:39 of 3rd period - Robbie Russo is hit by Luke Adam and loses puck.
6:08 of 3rd period - Slapshot by Philippe Paradis.
6:08 of 3rd period - Stopped by Marek Schwarz without a rebound.
6:09 of 3rd period - Philippe Paradis wins face-off versus Melker Karlsson in Patriotes zone.
6:15 of 3rd period - Off-side.
6:16 of 3rd period - Melker Karlsson wins face-off versus Luke Adam in neutral zone.
7:05 of 3rd period - Barry Tallackson is hit by Frazer Mclaren and loses puck.
7:21 of 3rd period - Off-side.
7:22 of 3rd period - Radek Smolenak wins face-off versus Melker Karlsson in neutral zone.
8:08 of 3rd period - Ryan Wilson is hit by Boone Jenner and loses puck.
8:18 of 3rd period - Minor Penalty to Ryan Wilson for High sticking.
8:19 of 3rd period - Luke Adam wins face-off versus Barry Tallackson in Patriotes zone.
8:21 of 3rd period - Snap shot by Miikka Salomaki.
8:21 of 3rd period - Stopped by Marek Schwarz with a rebound.
8:23 of 3rd period - Wrist shot by Mike Sauer.
8:23 of 3rd period - Stopped by Marek Schwarz with a rebound.
8:25 of 3rd period - Wrist shot by Miikka Salomaki.
8:25 of 3rd period - Stopped by Marek Schwarz with a rebound.
8:27 of 3rd period - Slapshot by Alex Petrovic.
8:27 of 3rd period - Deflect By Miikka Salomaki.
8:27 of 3rd period - Shot Misses the Net.
8:27 of 3rd period - Puck is out of play.
8:28 of 3rd period - Luke Adam wins face-off versus Barry Tallackson in Patriotes zone.
8:29 of 3rd period - Snap shot by Petteri Nokelainen.
8:29 of 3rd period - Stopped by Marek Schwarz without a rebound.
8:30 of 3rd period - Barry Tallackson wins face-off versus Luke Adam in Patriotes zone.
8:52 of 3rd period - Icing by Miikka Salomaki.
8:53 of 3rd period - Luke Adam wins face-off versus Barry Tallackson in Punishers zone.
8:58 of 3rd period - Stephen Johns is hit by Dainius Zubrus and loses puck.
10:13 of 3rd period - Mike Sauer is hit by Fedor Fedorov and loses puck.
10:18 of 3rd period - Penalty to Ryan Wilson is over, Ryan Wilson is back on ice.
10:24 of 3rd period - Slapshot by Lauri Tukonen.
10:24 of 3rd period - Stopped by Niklas Svedberg with a rebound.
10:26 of 3rd period - Slapshot by Anthony Bitetto.
10:26 of 3rd period - Deflect By Ryan Malone.
10:26 of 3rd period - Stopped by Niklas Svedberg with a rebound.
10:28 of 3rd period - Snap shot by Mathieu Perreault.
10:28 of 3rd period - Shot Misses the Net.
10:30 of 3rd period - Slapshot by Anthony Bitetto.
10:30 of 3rd period - Shot Misses the Net.
11:07 of 3rd period - Slapshot by Frazer Mclaren.
11:07 of 3rd period - Stopped by Marek Schwarz without a rebound.
11:08 of 3rd period - Casey Cizikas wins face-off versus Jared Knight in Patriotes zone.
11:19 of 3rd period - Snap shot by Ryan Malone.
11:19 of 3rd period - Shot Blocked by Ryan Wilson.
11:21 of 3rd period - Backhand shot by Simon Despres.
11:21 of 3rd period - Stopped by Marek Schwarz with a rebound.
11:23 of 3rd period - Slapshot by Simon Despres.
11:23 of 3rd period - Stopped by Marek Schwarz without a rebound.
11:24 of 3rd period - Mathieu Perreault wins face-off versus Petteri Nokelainen in Patriotes zone.
11:35 of 3rd period - Slapshot by Simon Despres.
11:35 of 3rd period - Shot Misses the Net.
11:39 of 3rd period - Slapshot by Luke Adam.
11:39 of 3rd period - Shot Misses the Net.
11:49 of 3rd period - Dainius Zubrus is hit by Austin Watson.
12:42 of 3rd period - Slapshot by Luke Adam.
12:42 of 3rd period - Shot Blocked by Lauri Tukonen.
12:44 of 3rd period - Snap shot by Miikka Salomaki.
12:44 of 3rd period - Stopped by Marek Schwarz with a rebound.
12:46 of 3rd period - Wrist shot by Luke Adam.
12:46 of 3rd period - Shot Hit the Post.
12:48 of 3rd period - Slapshot by Alex Petrovic.
12:48 of 3rd period - Stopped by Marek Schwarz with a rebound.
12:50 of 3rd period - Backhand shot by Petteri Nokelainen.
12:50 of 3rd period - Goal by Petteri Nokelainen - Patriotes : 4 - Punishers : 3.
12:51 of 3rd period - Zenon Konopka wins face-off versus Luke Adam in neutral zone.
13:17 of 3rd period - Mike Sauer is hit by Matt Calvert and loses puck.
14:02 of 3rd period - Casey Cizikas is hit by Barry Tallackson.
15:02 of 3rd period - Snap shot by Fedor Fedorov.
15:02 of 3rd period - Shot Blocked by Adam McQuaid.
15:07 of 3rd period - Off-side.
15:08 of 3rd period - Luke Adam wins face-off versus Mathieu Perreault in neutral zone.
15:13 of 3rd period - Backhand shot by Petteri Nokelainen.
15:13 of 3rd period - Stopped by Marek Schwarz with a rebound.
15:35 of 3rd period - Barry Tallackson is hit by Alex Petrovic and loses puck.
16:54 of 3rd period - Icing by Lauri Tukonen.
16:55 of 3rd period - Mathieu Perreault wins face-off versus Luke Adam in Patriotes zone.
16:55 of 3rd period - Mathieu Perreault is hit by Miikka Salomaki.
17:50 of 3rd period - Ryan Wilson is hit by Dainius Zubrus and loses puck.
17:59 of 3rd period - Wrist shot by Dainius Zubrus.
17:59 of 3rd period - Stopped by Marek Schwarz with a rebound.
18:09 of 3rd period - Zenon Konopka is hit by Petteri Nokelainen and loses puck.
18:51 of 3rd period - Icing by Anthony Bitetto.
18:52 of 3rd period - Zenon Konopka wins face-off versus Luke Adam in Patriotes zone.
19:01 of 3rd period - Punishers, Niklas Svedberg is pulled from the net.
19:17 of 3rd period - Wrist shot by Petteri Nokelainen.
19:17 of 3rd period - Stopped by Marek Schwarz without a rebound.
19:18 of 3rd period - John Anderson call a timeout for Punishers.
19:18 of 3rd period - Petteri Nokelainen wins face-off versus Zenon Konopka in Patriotes zone.
19:27 of 3rd period - Slapshot by Fedor Fedorov.
19:27 of 3rd period - Shot Misses the Net.
19:39 of 3rd period - Fedor Fedorov is hit by Mike Sauer and loses puck.
Goals for this period are 0 for Patriotes vs 1 for Punishers.
Shots for this period are 2 for Patriotes vs 15 for Punishers.
Back to the Top